 Dungeon Crawl Stone Soup version 0.30.1-11-g7821555f0a (webtiles) character file.

Game seed: 15441535426540323828

54 lonewolfV2 the Shield-Bearer (level 4, 0/35 HPs)
             Began as a Formicid Fighter on Nov 2, 2023.
             Succumbed to Crazy Yiuf's poison
             ... on level 2 of the Dungeon.
             The game lasted 00:02:59 (1732 turns).

lonewolfV2 the Shield-Bearer (Formicid Fighter)     Turns: 1732, Time: 00:03:00

Health: 0/35       AC:  9    Str: 21    XL:     4   Next: 12%
Magic:  4/4        EV:  9    Int:  7    God:
Gold:   139        SH:  5    Dex: 15    Spells: 3/3 levels left

rFire   . . .        a - +0 war axe
rCold   . . .        c - +0 buckler
rNeg    . . .        g - +0 chain mail
rPois   .            (helmet unavailable)
rElec   .            (no cloak)
rCorr   .            (no gloves)
SInv    +            (no boots)
Will    .....        (no amulet) Stlth
                     (no ring)
HPRegen 0.25/turn    (no ring)
MPRegen 0.09/turn

%: no passive effects
@: mighty, lethally poisoned (0 -> -14)
A: permanent stasis, dig shafts and tunnels, antennae 3, four strong arms
a: Dig, Shaft Self


You were on level 2 of the Dungeon.
You visited 1 branch of the dungeon, and saw 2 of its levels.

You collected 139 gold pieces.

Inventory:

Hand Weapons
 a - a +0 war axe (weapon)
Armour
 c - a +0 buckler (worn)
 g - a +0 chain mail (worn)
Scrolls
 f - a scroll of summoning {unknown}
 h - a scroll of identify
 k - a scroll of magic mapping {unknown}
Potions
 b - a potion of lignification
 e - a potion of ambrosia {unknown}
 i - a potion of curing {unknown}
 j - a potion of degeneration {unknown}
 l - a potion of attraction {unknown}


   Skills:
 - Level 3.2 Fighting
 - Level 2.0 Axes
 - Level 3.2 Armour
 * Level 3.1 Dodging
 - Level 4.0 Shields


You had 3 spell levels left.
You didn't know any spells.
Your spell library was empty.

Dungeon Overview and Level Annotations

Branches:
Dungeon (2/15)

Altars:

Annotations:
D:2 Crazy Yiuf


Innate Abilities, Weirdness & Mutations

You cannot be hasted, slowed, berserked, paralysed or teleported.
You can dig through walls and to a lower floor.
You have a pair of large antennae on your head. (SInv)
Your four strong arms can wield two-handed weapons with a shield.


Message History

You block the endoplasm's attack.
You hit the endoplasm.
You kill the endoplasm!
As you open the door, it creaks loudly!
There is an open door here.
There is an open door here.
k - a scroll labelled DUOFIESTIEL You now have 139 gold pieces (gained 12).
You see here the +0 hand axe of Proximity {holy, Dex+3}.
Found a mace.
l - a fizzy blue potion Could not explore, unopened door.
You open the door.
There is an open door here.
Found a stone staircase leading up.
Found a rapier.
You see here 7 stones.
Found a hammer.
Found a runed translucent door.
Crazy Yiuf says, "Shower snockshim Xom!"
You sense a monster nearby.
You open the door. You hit Crazy Yiuf but do no damage.
Crazy Yiuf closely misses you. x2
You hit Crazy Yiuf.
Crazy Yiuf is lightly wounded.
Crazy Yiuf barely misses you.
You hit Crazy Yiuf.
Crazy Yiuf is moderately wounded.
Crazy Yiuf hits you with a +3 quarterstaff of chaos.
Space warps around you. You block Crazy Yiuf's attack.
You slash Crazy Yiuf!
Crazy Yiuf is severely wounded.
Crazy Yiuf hits you with a +3 quarterstaff of chaos!
Crazy Yiuf draws strength from your wounds!
You hit Crazy Yiuf.
Crazy Yiuf is moderately wounded.
Crazy Yiuf hits you with a +3 quarterstaff of chaos!
* * * LOW HITPOINT WARNING * * *
You are lethally poisoned!
You feel very mighty all of a sudden.
You die...

.........#....###'##...........##
#........#....##.............#...
.........'..................##...
[.......#################........
........## #........ .........#
#######........ ........## ###
###.#..........## ..#......#
#...##..#............. ..###...##
#...g@####.........)#. ..+.....#
#)..### ##.........#. >.###>..##
### ####......#. .........#
#........ ##..#...## #.#######
....#...#################........
....#...##.........(.............
....#............................
....................^......#.....


You could see Crazy Yiuf.

Vanquished Creatures
  A worm (D:2)
  A dart slug (D:1)
  6 endoplasms
  4 giant cockroaches
  5 goblins
  6 hobgoblins
  A jackal (D:1)
  4 kobolds
  4 quokkas
  7 bats
  3 rats (D:1)
42 creatures vanquished.

Notes
Turn   | Place    | Note
-------+----------+-------------------------------------------
     0 | D:1      | lonewolfV2 the Formicid Fighter began the quest for the
                  | Orb.
     0 | D:1      | Reached XP level 1. HP: 18/18 MP: 1/1
    70 | D:1      | Reached skill level 1 in Dodging
    88 | D:1      | Reached XP level 2. HP: 24/24 MP: 2/2
   400 | D:1      | Reached XP level 3. HP: 28/29 MP: 3/3
  1347 | D:2      | Reached XP level 4. HP: 35/35 MP: 4/4
  1596 | D:2      | Identified the +0 hand axe of Proximity {holy, Dex+3}
  1720 | D:2      | Found a runed translucent door.
  1721 | D:2      | Noticed Crazy Yiuf
  1732 | D:2      | Succumbed to Crazy Yiuf's poison

Illustrated notes

Levels and vault maps discovered:
D:1:      shiori_arrival_maze, layout_basic, minmay_crystal_water, minivault_23
D:2:      layout_basic, uniq_crazy_yiuf_cottage

Skill      XL: |  1  2  3  4 |
---------------+-------------+-----
Dodging        | 1 2 3 |  3.1
Fighting       | |  3.2
Axes           | |  2.0
Armour         | |  3.2
Shields        | |  4.0

Action                     |  1- 3 |  4- 6 || total
---------------------------+-------+-------++-------
  Melee: War axe           |    81 |    21 ||   102
    Use: Scroll            |     3 |       ||     3
         Potion            |       |     1 ||     1
 Armour: Scale mail        |     6 |       ||     6
         Chain mail        |    57 |     6 ||    63
  Dodge: Dodged            |    34 |     9 ||    43
  Block: Buckler           |    25 |     6 ||    31
